 Dungeon Crawl Stone Soup version 0.26-a0-34-g9e0bf03589 (webtiles) character file.

Game seed: 10671913922685735730, levelgen mode: deterministic

77219 Maedhros the Peltast (level 15, 0/97 HPs)
             Began as an Octopode Artificer on May 29, 2020.
             Was an Elder of Cheibriados.
             Slain by a wolf (10 damage)
             ... on level 6 of the Lair of Beasts.
             The game lasted 01:02:24 (8160 turns).

Maedhros the Peltast (Octopode Artificer)           Turns: 8160, Time: 01:02:25

Health: 0/97       AC:  2    Str: 21    XL:     15   Next: 56%
Magic:  19/21      EV: 20    Int: 27    God:    Cheibriados [****..]
Gold:   553        SH: 24    Dex: 22    Spells: 15/22 levels left

rFire    . . .     SeeInvis .     - Unarmed
rCold    + + .     Gourm    .   N - +3 tower shield {rC+ rF+}
rNeg     + . .     Faith    .   K - +1 hat {MR+}
rPois    +         Spirit   .   h - amulet of the acrobat
rElec    .         Reflect  .   m - ring of poison resistance
rCorr    .         Harm     .   G - +6 ring of intelligence
MR       ++++.                  J - ring of protection from magic
Stlth    +++.......             R - ring of attention
HPRegen  0.26/turn              y - ring of Hepliaklqana's Respect {Ice +Blink rN+ MR+ Dex-5}
MPRegen  0.17/turn              (no ring)
                                (no ring)
                                (no ring)

@: very slow
A: almost no armour, stealthy swim, amphibious, 8 rings, constrict 8, tentacle
spike 1, camouflage 1, blurry vision 1, dopey 1, gelatinous body 1
a: Bend Time, Temporal Distortion, Slouch, Renounce Religion, Evoke Blink


You were on level 6 of the Lair of Beasts.
You worshipped Cheibriados.
Cheibriados was greatly pleased with you.
You were not hungry.

You visited 4 branches of the dungeon, and saw 21 of its levels.
You also visited: Ossuary and Volcano.

You collected 3337 gold pieces.
You spent 2784 gold pieces at shops.

Inventory:

Missiles
 g - 2 javelins
 u - 21 curare-tipped darts (quivered)
 w - 28 poisoned darts
 D - 6 throwing nets
 F - 6 silver javelins
Armour
 B - a +5 tower shield
 K - a +1 hat of magic resistance (worn)
 N - a +3 tower shield of resistance (worn)
Magical Staves
 a - an uncursed staff of cold
Jewellery
 h - an amulet of the acrobat (around mantle)
 m - a ring of poison resistance (left tentacle)
 p - an uncursed amulet of magic regeneration
 v - an uncursed amulet of faith
 y - the ring of Hepliaklqana's Respect (on tentacle) {Ice +Blink rN+ MR+ Dex-5}
   (You found it on level 5 of the Dungeon)

   [ring of ice]

   It enhances your ice magic.
   It affects your dexterity (-5).
   It makes you vulnerable to fire.
   It protects you from cold.
   It protects you from negative energy.
   It affects your resistance to hostile enchantments.
   It lets you blink.
 G - a +6 ring of intelligence (right tentacle)
 J - a ring of protection from magic (on tentacle)
 R - a ring of attention (on tentacle)
Wands
 b - a wand of flame (13)
 i - a wand of polymorph (11)
 r - a wand of digging (7)
 E - a wand of disintegration (20)
 M - a wand of iceblast (1)
Scrolls
 c - a scroll of random uselessness {unknown}
 j - 2 scrolls of enchant weapon
 l - 4 scrolls of teleportation
 n - 3 scrolls of fear
 o - 5 scrolls of amnesia {unknown}
 s - 4 scrolls of remove curse
 z - a scroll of summoning {unknown}
 C - 2 scrolls of magic mapping
 H - a scroll of fog
 I - 2 scrolls of immolation
 P - a scroll of blinking {unknown}
Potions
 d - 2 potions of cancellation
 e - 2 potions of might
 k - 5 potions of curing
 q - 2 potions of lignification
 t - 3 potions of flight
 A - 4 potions of brilliance
 L - a potion of invisibility
 O - 3 potions of resistance
Comestibles
 f - 15 rations


   Skills:
 - Level 7.4 Fighting
   Level 1.0 Short Blades
 - Level 10.0 Dodging
 - Level 4.0 Stealth
 * Level 15.0 Shields
 - Level 10.0 Unarmed Combat
 + Level 4.4 Spellcasting
 - Level 7.2 Summonings
 - Level 7.2 Air Magic
 + Level 3.4 Poison Magic
 + Level 8.1 Invocations
 - Level 3.2 Evocations


You had 15 spell levels left.
You knew the following spells:

 Your Spells              Type           Power        Failure   Level  Hunger
a - Summon Lightning Spi  Summ/Air       #####...     14%         4    ####...
b - Mephitic Cloud        Conj/Pois/Air  ####....     19%         3    ##.....

Your spell library contained the following spells:

 Spells                   Type           Power        Failure   Level  Hunger
 Poisonous Vapours        Pois/Air       ####..       4%          2    None
 Sting                    Tmut/Pois      ###.         14%         1    None
 Ignite Poison            Fire/Tmut/Pois ##......     45%         3    ##.....
 Olgreb's Toxic Radiance  Pois           ###.....     54%         4    ####...
 Silence                  Hex/Air        ####......   86%         5    #####..
 Conjure Ball Lightning   Conj/Air       ####......   100%        6    #######
 Tornado                  Air            #####.....   100%        9    #######


Dungeon Overview and Level Annotations

Branches:
Dungeon (12/15)              Lair (6/6) D:9          Shoals (0/4) Lair:4
 Spider (1/4) Lair:4        Slime (0/5) Lair:5          Orc (2/2) D:10
    Elf (0/3) Orc:2       Ossuary (visited)         Volcano (visited)
 Temple: D:4-7

Altars:
Ashenzari
Cheibriados
Dithmenos
Gozag
Hepliaklqana
Kikubaaqudgha
Ru
Sif Muna
Trog
Wu Jian
Xom
Yredelemnul

Shops:
Orc:1 **(*   Orc:2 !(?}

Portals:
Pandemonium: Orc:2
Trove: D:10 (give 6 scrolls of fog)

Annotations:
Lair:5 3 runed translucent doors, Acosmix's ghost, journeyman GrFi
Orc:1 2 transporters, Piotekh's ghost, journeyman MiFi


Innate Abilities, Weirdness & Mutations

You cannot wear most types of armour.
You are very stealthy in the water. (Stealth+)
You are amphibious.
You can wear up to eight rings at the same time.
You can use your tentacles to constrict eight enemies at once.
Your skin changes colour to match your surroundings (Stealth+).
Your rubbery body absorbs attacks. (AC +1, EV +1)
One of your tentacles bears a spike.
Scrolls take you a little longer to read.
You are dopey. (Int -2)


Message History

You closely miss the wolf. You grab the wolf.
You squeeze the wolf, but do no damage. You constrict the wolf.
You block the wolf's attack. x2
The wolf howls!
You tentacle-slap the wolf but do no damage.
Your grab misses the wolf.
Your tentacle spike misses the wolf.
The wolf is severely wounded.
You constrict the wolf.
You block the wolf's attack. x2; The wolf bites you!
* * * LOW HITPOINT WARNING * * *
The wolf bites you but does no damage.
You bludgeon the wolf!
You kill the wolf!
Cheibriados thoroughly appreciates the change of pace.
You constrict the wolf. The wolf bites you!
* * * LOW HITPOINT WARNING * * *
You barely miss the wolf.
You pierce the wolf.
You squeeze the wolf.
The wolf is heavily wounded.
You constrict the wolf. You block the wolf's attack.
The wolf closely misses you. The wolf bites you!
You die...

#..P.P###..k...≈≈≈≈
###...P.####††...≈##≈
#.P.......#††......#
#.P...P...†#.....≈≈..
###......††#.........
####...............
#....P...........
###...........$...
#@h.#...........P.
#.h.###...........
##.## .......#... ###
#....### ....# .#.


You could see 2 wolves.

Vanquished Creatures
  Jorgrun (Orc:2)
  Nessos (Orc:2)
  Azrael (Orc:2)
  An ettin (Orc:1)
  Snorg (D:11)
  2 hydras
  A catoblepas (Lair:6)
  Harold (D:8)
  5 orc high priests (Orc:2)
  Sonja (D:11)
  A sun demon (Volcano)
  A sea snake (Lair:6)
  2 infernal demonspawn (Orc:2)
  A hell knight (Volcano)
  2 gelid demonspawn (Orc:2)
  4 orc knights (Orc:2)
  A harpy (Lair:6)
  8 orc sorcerers
  2 ugly things (Volcano)
  A deep elf mage (D:12)
  A cyclops (D:12)
  A centaur zombie (D:10)
  A rust devil (Orc:2)
  Maurice (Orc:2)
  9 elephants (Lair:6)
  A black mamba (Lair:5)
  A merfolk siren (Lair:4)
  A smoke demon (Orc:2)
  8 spiny frogs
  A molten gargoyle (Volcano)
  2 orange demons (Orc:2)
  A gargoyle (Volcano)
  10 rime drakes
  6 komodo dragons
  A red devil (Volcano)
  3 polar bears (Lair:6)
  4 trolls
  A merfolk (Lair:4)
  A wind drake (Lair:6)
  A hornet (D:11)
  8 blink frogs (Lair:6)
  A slime creature (Lair:5)
  2 hippogriffs
  4 dream sheep (Lair:5)
  Sigmund (D:5)
  2 shadows
  4 wyverns
  A basilisk (Lair:6)
  A fire elemental (Orc:2)
  2 hungry ghosts
  7 yaks
  3 vampire mosquitoes (D:12)
  A neqoxec (Orc:2)
  2 wargs
  Edmund (D:4)
  6 water moccasins
  10 porcupines
  6 hell hounds
  2 black bears (D:11)
  3 ice beasts
  23 orc warriors
  A sky beast (D:7)
  A necrophage (D:5)
  5 ogres
  A wolf (Lair:6)
  3 centaurs
  10 crocodiles
  12 bullfrogs
  4 big kobolds
  3 scorpions
  9 killer bees
  4 wights (D:11)
  A howler monkey (D:4)
  4 crimson imps
  2 lava snakes (Volcano)
  4 hounds
  7 jellies
  A bullfrog zombie (D:5)
  3 centaur skeletons
  25 orc priests
  A bullfrog skeleton (D:9)
  12 orc wizards
  4 worker ants
  6 mummies (Ossuary)
  A howler monkey skeleton (D:11)
  13 adders
  A gnoll (D:7)
  5 oozes (D:8)
  A worm (D:3)
  2 dart slugs
  6 leopard geckos
  62 orcs
  4 giant cockroaches
  A gnoll zombie (Ossuary)
  5 hobgoblins
  4 jackals (D:4)
  24 kobolds
  6 quokkas
  14 bats
  A frilled lizard (D:5)
  A goblin (D:1)
  A jackal zombie (D:5)
  2 kobold zombies (Ossuary)
  2 orc zombies (Ossuary)
  5 rats
467 creatures vanquished.

Vanquished Creatures (collateral kills)
  A hydra (Lair:6)
  A mummy (Ossuary)
  3 gnolls (D:7)
  3 orcs
  A hobgoblin zombie (Ossuary)
  A kobold zombie (Ossuary)
10 creatures vanquished.

Vanquished Creatures (others)
  A mummy (Ossuary)
  An orc (D:3)
  A kobold zombie (Ossuary)
  A bush (Lair:6)
  38 fungi
  37 plants
79 creatures vanquished.

Grand Total: 556 creatures vanquished

Notes
Turn   | Place    | Note
-------+----------+-------------------------------------------
     0 | D:1      | Maedhros the Octopode Artificer began the quest for the
                  | Orb.
     0 | D:1      | Reached XP level 1. HP: 13/13 MP: 3/3
   143 | D:2      | Reached XP level 2. HP: 6/18 MP: 4/4
   254 | D:2      | Found a shadowy altar of Dithmenos.
   305 | D:3      | Reached XP level 3. HP: 14/23 MP: 5/5
   348 | D:3      | Reached skill level 1 in Unarmed Combat
   395 | D:3      | Found a basalt altar of Yredelemnul.
   399 | D:3      | Found a snail-covered altar of Cheibriados.
   404 | D:3      | good start, 395 Chei
   405 | D:3      | Became a worshipper of Cheibriados the Contemplative
   674 | D:2      | Gained mutation: You are dopey. (Int -2) [potion of
                  | mutation]
   674 | D:2      | Gained mutation: Scrolls take you a little longer to read.
                  | [potion of mutation]
   674 | D:2      | Gained mutation: One of your tentacles bears a spike.
                  | [potion of mutation]
   699 | D:2      | Reached XP level 4. HP: 25/28 MP: 6/6
   783 | D:3      | Found a shimmering blue altar of Sif Muna.
   788 | D:3      | Found a hazy altar of Hepliaklqana.
   853 | D:3      | Reached * piety under Cheibriados
  1257 | D:3      | found curare, and ligni. i can descend
  1313 | D:4      | Noticed Edmund
  1322 | D:4      | Killed Edmund
  1322 | D:4      | Reached XP level 5. HP: 33/33 MP: 7/7
  1326 | D:4      | Reached skill level 5 in Unarmed Combat
  1326 | D:4      | Reached XP level 6. HP: 38/38 MP: 8/8
  1499 | D:4      | Found a bloodstained altar of Trog.
  1536 | D:4      | Reached ** piety under Cheibriados
  1625 | D:5      | Entered Level 5 of the Dungeon
  1642 | D:5      | Noticed a necrophage
  1648 | D:5      | Killed a necrophage
  1648 | D:5      | Reached XP level 7. HP: 42/45 MP: 9/9
  1682 | D:5      | Got a wavering lead ring
  1683 | D:5      | Identified the ring of Hepliaklqana's Respect {Ice +Blink
                  | rN+ MR+ Dex-5} (You found it on level 5 of the Dungeon)
  1856 | D:5      | Found a sand-covered staircase.
  1868 | Ossuary  | Entered an ossuary
  1869 | Ossuary  | found 3 amulets, no id scrolls, possibly regen
  2309 | D:5      | Noticed Sigmund
  2312 | D:5      | bad situation, 2 adders, Sigmund and 2 critters
  2372 | D:5      | Killed Sigmund
  2372 | D:5      | Reached XP level 8. HP: 37/52 MP: 10/10
  2499 | D:5      | Reached *** piety under Cheibriados
  2583 | D:6      | Found a sacrificial altar of Ru.
  2654 | D:7      | found large shield
  2732 | D:7      | Found an ancient bone altar of Kikubaaqudgha.
  2763 | D:7      | Noticed a hippogriff
  2764 | D:7      | Found a snail-covered altar of Cheibriados.
  2772 | D:7      | Killed a hippogriff
  2772 | D:7      | Reached skill level 1 in Shields
  2796 | D:7      | Reached skill level 2 in Shields
  2873 | D:7      | Reached XP level 9. HP: 52/59 MP: 11/11
  2883 | D:8      | Reached **** piety under Cheibriados
  2901 | D:8      | Found an ornate altar of the Wu Jian Council.
  2904 | D:8      | Noticed Harold
  2932 | D:8      | Killed Harold
  2932 | D:8      | Reached skill level 5 in Dodging
  2932 | D:8      | Reached skill level 3 in Shields
  2940 | D:8      | Reached skill level 4 in Shields
  3060 | D:8      | had 4 enchant armor, now im 14 ev 19 sh at d8
  3208 | D:10     | Entered Level 10 of the Dungeon
  3218 | D:10     | Found a staircase to the Orcish Mines.
  3230 | D:10     | wand of disintegration 20!!!
  3372 | D:9      | Found a shimmering altar of Xom.
  3373 | D:9      | Found a shattered altar of Ashenzari.
  3448 | D:10     | Reached skill level 5 in Fighting
  3462 | D:10     | 6 int ring
  3541 | D:10     | Reached ***** piety under Cheibriados
  3561 | D:10     | Found a portal to a secret trove of treasure.
  3569 | D:10     | trove 6 fog, ill do it
  3634 | D:10     | 3 fog already
  3716 | D:9      | Reached XP level 10. HP: 66/66 MP: 13/13
  3719 | D:9      | Reached skill level 5 in Shields
  3798 | D:9      | Found a staircase to the Lair.
  3820 | D:9      | Reached skill level 5 in Invocations
  4016 | D:11     | Reached skill level 6 in Shields
  4132 | D:11     | Reached skill level 10 in Unarmed Combat
  4218 | D:11     | Noticed Snorg
  4219 | D:11     | Noticed Sonja
  4222 | D:11     | Killed Sonja
  4222 | D:11     | Reached skill level 7 in Shields
  4222 | D:11     | Reached XP level 11. HP: 72/72 MP: 14/16
  4228 | D:11     | Killed Snorg
  4328 | D:12     | first ligni usage, very good xp
  4337 | D:12     | Noticed a deep elf mage
  4348 | D:12     | Killed a deep elf mage
  4415 | D:12     | Reached skill level 8 in Shields
  4518 | D:12     | Identified a scroll of acquirement
  4520 | D:12     | acquire
  4558 | D:12     | Noticed a cyclops
  4573 | D:12     | Killed a cyclops
  4652 | D:12     | Found an opulent altar of Gozag.
  4664 | D:12     | Reached ****** piety under Cheibriados
  4838 | Orc:1    | Entered Level 1 of the Orcish Mines
  4857 | Orc:1    | Found Teufugi's Assorted Antiques.
  4872 | Orc:1    | Bought a smoky pink potion for 22 gold pieces
  4872 | Orc:1    | Bought a potion of lignification for 75 gold pieces
  4872 | Orc:1    | Bought a wand of iceblast (7) for 100 gold pieces
  4872 | Orc:1    | Bought a scroll of identify for 50 gold pieces
  4884 | Orc:1    | Found Sashedd's Assorted Antiques.
  4932 | Orc:1    | Found Axaoc's Assorted Antiques.
  4934 | Orc:1    | Noticed an ettin
  4944 | Orc:1    | Killed an ettin
  4944 | Orc:1    | Reached skill level 9 in Shields
  4952 | Orc:1    | Bought a hardcover book for 450 gold pieces
  4957 | Orc:1    | Learned a level 4 spell: Summon Lightning Spire
  4973 | Orc:1    | Found Kuuxutwe's Weapon Emporium.
  5060 | Orc:1    | Noticed an orc sorcerer
  5066 | Orc:1    | Killed an orc sorcerer
  5066 | Orc:1    | Reached skill level 1 in Summonings
  5066 | Orc:1    | Reached skill level 1 in Air Magic
  5138 | Orc:1    | Found a transporter.
  5180 | Orc:1    | Noticed Piotekh's ghost (journeyman MiFi)
  5195 | Orc:1    | Found a transporter.
  5346 | Orc:2    | Entered Level 2 of the Orcish Mines
  5358 | Orc:2    | Reached XP level 12. HP: 81/81 MP: 17/17
  5381 | Orc:2    | Noticed Jorgrun
  5390 | Orc:2    | Noticed Maurice
  5399 | Orc:2    | Killed Jorgrun
  5399 | Orc:2    | Reached skill level 10 in Shields
  5428 | Orc:2    | Killed Maurice
  5604 | Orc:2    | Noticed Azrael
  5630 | Orc:2    | Killed Azrael
  5642 | Orc:2    | Found a staircase to the Elven Halls.
  5730 | Orc:2    | Found Xocwu's Distillery.
  5732 | Orc:2    | Found Wenesug's Magic Scroll Emporium.
  5747 | Orc:2    | Noticed Nessos
  5754 | Orc:2    | Killed Nessos
  5757 | Orc:2    | Reached skill level 11 in Shields
  5799 | Orc:2    | Bought a scroll of fog for 30 gold pieces
  5801 | Orc:2    | Bought a scroll of acquirement for 780 gold pieces
  5880 | Orc:2    | Noticed an orc high priest
  5883 | Orc:2    | Noticed a soul eater
  5889 | Orc:2    | Killed an orc high priest
  5995 | Orc:2    | Reached XP level 13. HP: 61/86 MP: 18/18
  6061 | Orc:2    | Reached skill level 5 in Summonings
  6061 | Orc:2    | Reached skill level 5 in Air Magic
  6214 | Orc:2    | Reached skill level 12 in Shields
  6280 | Orc:2    | Found Mehijiruph's Antique Weapon Boutique.
  6280 | Orc:2    | Found Fiumeg's Gadget Shop.
  6280 | Orc:2    | Found a one-way gate leading to the halls of Pandemonium.
  6329 | Orc:2    | Bought a scroll of acquirement for 780 gold pieces
  6329 | Orc:2    | Bought a scroll of fear for 52 gold pieces
  6329 | Orc:2    | Bought a scroll of teleportation for 45 gold pieces
  6356 | Orc:2    | Bought a potion of heal wounds for 60 gold pieces
  6356 | Orc:2    | Bought a potion of might for 48 gold pieces
  6356 | Orc:2    | Bought a potion of resistance for 120 gold pieces
  6356 | Orc:2    | Bought a potion of heal wounds for 60 gold pieces
  6358 | Orc:2    | Bought a scroll of enchant armour for 112 gold pieces
  6474 | Lair:1   | Entered Level 1 of the Lair of Beasts
  6633 | Lair:1   | Reached skill level 1 in Spellcasting
  6693 | Lair:1   | Reached skill level 10 in Dodging
  6828 | Lair:2   | Learned a level 3 spell: Mephitic Cloud
  6901 | Lair:3   | Found a dark tunnel.
  6907 | Volcano  | Entered a volcano
  6955 | Volcano  | Found a bloodstained altar of Trog.
  7097 | Volcano  | Reached XP level 14. HP: 52/92 MP: 19/19
  7195 | Lair:4   | Reached skill level 14 in Shields
  7195 | Lair:4   | Reached XP level 15. HP: 50/97 MP: 20/20
  7256 | Lair:4   | Found a staircase to the Shoals.
  7384 | Lair:4   | Found a hole to the Spider Nest.
  7425 | Spider:1 | Entered Level 1 of the Spider Nest
  7579 | Lair:5   | Found a runed translucent gate.
  7579 | Lair:5   | Found a runed translucent gate.
  7579 | Lair:5   | Found a runed translucent gate.
  7580 | Lair:5   | Noticed Acosmix's ghost (journeyman GrFi)
  7584 | Lair:5   | Found a staircase to the Slime Pits.
  7706 | Lair:6   | Entered Level 6 of the Lair of Beasts
  7870 | Lair:6   | Reached skill level 1 in Poison Magic
  8087 | Lair:6   | Reached skill level 15 in Shields
  8098 | Lair:6   | HP: 1/97 [komodo dragon (20)]
  8160 | Lair:6   | Slain by a wolf

Illustrated notes #.# #...## #.# #.... #.# #..# +#.#+ ##..# ..#####...#####...# ........⌠.........#####. #####...#####......... #...+#.#†...##..##### #.8...#(#.@.8.#.)# #.._..#.#.._..#.)##### #.8.8.#)#.8.8.##.)...# ##...##.##...#######.# #####...##### #.# ######...##.#########.#.# #.......###.##..........# #.####.## #.##.######...# # #.####.##.# #...# Turn 404 on D:3: good start, 395 Chei ##.# #.8.8.#(#.8.8.# #..# ##...##.##...## #.## #####...##### #.# ######...##.#### #.# #.......###.##.. #.# #.####.## #.##.# #.# # # #.####.##.# ## #.############.####.##...##.# .# #...........@.....#........(. ^## ##############.#.<.###.##.... ..## #†............ .#.## #### #...###.####.# .##.###### #..# #.....# #.# #.. .........# #.. #####.# #.# #.# .##.####.# #.. ...# #.# #.# .#.## #.# #.# #..# #.# #.# ..# #.# #.# #..# #.# #.# Turn 1257 on D:3: found curare, and ligni. i can descend #....# #....# #....# #....# #....# #....# #....# #.∩@.# ###### Turn 1869 on Ossuary: found 3 amulets, no id scrolls, possibly regen # #.#..........## # #.............# ## #.............# #. #.............# #. #.......@.....# ##. #............. #.. #....l5S..... #.. #...@S.....# ##.. #..........# ##... #..######### ###.### ##.#### ##..## #.....### ##..## #..###...#####..### #..## ####.....#...# #..# ####......# #..# ##......# Turn 2312 on D:5: bad situation, 2 adders, Sigmund and 2 critters ## #+# #.# #.# ...g ... # g.###.##.# ......#.# #[<.... #...# # #.###@##.#### #.......KK.K. #####.####### #.# #.# #.# #.# # ##.#### #.##.....# Turn 2654 on D:7: found large shield ######### #.......# #.#####.# ######.#####.# #............######## #.##@#..####......... #.#.......####(... #.##.###### #.##. #... #.# .# #.##. #...# #### #.# .# #.##. #.... [.# ... .# #.##. ##...#####.### #.# #.##. .............###.# #.... .................# ####. Turn 3060 on D:8: had 4 enchant armor, now im 14 ev 19 sh at d8 #. #....... ##) ..# #....... #.. #.#####....... #..######.#.#.#.>..... ##...#>#............... #...................... ...................... #................... #..@.#....†......... ###..#......##...... ##........# #..... #..........# #.... #..........# ... #...........# #.........>... .............. ###..#........ Turn 3230 on D:10: wand of disintegration 20!!! #.###.#.## .... ### #.#### ..... ####....## ..... #........###...>.. #...##......#...... . ....###......#...... . .................... . .................... #...........@..#.... .............# <#. ..##.........# .. #.......<## ##........ ##.......# ##...##.. ...# .5. Turn 3462 on D:10: 6 int ring

..## #.##†.#.#.÷(...#....# ##
...# #..#....(.)#.......###.# #
...# #.##.....(.##..........####.
...##..#...(.#.####...........#..
..........#..##.###.#....##......
..#...##.##.....##........##....#
.##..#... #..#######......#....##
.##...... ...# ### #####.........
........###..###@## ##.#...... ..
.#.......##...## #####..####. ##
##..<...#.....###.##...# .#
#.......##...##........# .#
#.......#.....#.###.#.##
.#####.......##(..#### #.####
.#.#.#.>.....#.....#####....##
.............##...###........###.
.............###'###...##......#.


Turn 3569 on D:10: trove 6 fog, ill do it .............. .........#....# ...
.........#.<#.. ... .........#..#..##.## .......<###........#
#........###.##..#.# ##.......##........# ###...##..#.......#
.....###........@.# ....## #...........# .....# ##...#.....##
.....####...##.#### .....##...###### ##...##...# .....#..### ..#.....# .##....##
Turn 3634 on D:10: 3 fog already ####### ..... .... #..# #..# #@.# #..# #..#
#<.# #..# #..# #..# #..# #..# Turn 4328 on D:12: first ligni usage, very good xp
#...# #...# #...# #...# #...# #...# # #...#######..# #####.............
...........@....... ################### Turn 4520 on D:12: acquire

Levels and vault maps discovered:
D:1:      dpeg_arrival_connections, layout_rooms, minmay_misc_feat_hallway
D:2:      layout_rooms, okawaru_altar_gauntlet_db, serial_co_window_serial,
          co_window_paths_a, co_window_paths_a, co_window_corner_a,
          co_window_paths_b, co_window_of_opportunity_a, co_window_corner_a,
          co_window_corner_cb, co_window_unsneaky_path_a, co_window_corner_b,
          co_window_unsneaky_path_b, co_window_unsneaky_path_a,
          co_window_broadway_b, co_window_of_opportunity_b, glass_columns_b,
          minmay_misc_feat_square, nicolae_dithmenos_through_a_glass_darkly
D:3:      layout_loops_ring, grunt_temple_overflow_cloverleaf,
          minmay_strange_pillars
D:4:      layout_cave_pods, first_ration, minivault_24,
          trog_three_pillars_becter, uniq_edmund
D:5:      layout_cave_pods, enter_ossuary_2, uniq_sigmund
D:6:      layout_gridville, nicolae_ru_sacrificial_ziggurat,
          minmay_temple_entry_glass, hangedman_decor_growths, minmay_manual_moon
D:7:      layout_loops_corners, kiku_gazebo_garden_becter, serial_shops,
          shop_statue, basic_altar, uniq_crazy_yiuf_cottage, uniq_joseph
D:8:      layout_loops_cross, overflow_temple_1_default,
          hangedman_little_slice_of_home, uniq_harold
D:9:      layout_roguey, gammafunk_temple_overflow_pools,
          due_lair_maze_entry_diamond, bh_walls_and_bars
D:10:     layout_cave_pools, orc_0_dummy, nicolae_trove_entry_crystal,
          basic_altar
D:11:     layout_cave_pools, kennysheep_crisscross, uniq_sonja, uniq_snorg
D:12:     layout_long_grid, grunt_gozag_statues
Lair:1:   layout_roguey
Lair:2:   layout_layer_cave, beast_lair_carwin_1, infiniplex_staircase_pool
Lair:3:   layout_regular_city, nicolae_volcano_entry_lava_flow,
          columned_hall_lemuel, serial_bayou_shore_a
Lair:4:   layout_misc_corridors, elwin_shoals_entry_rooms, spider_nest_entry_a,
          lemuel_fruit_tree
Lair:5:   layout_regular_city, minmay_slime_entry_pillars,
          gammafunk_ghost_hydra_chop, grunt_megastairs_1
Lair:6:   gammafunk_lair_ancient_temple, layout_misc_corridors, basic_altar,
          st_stairs_6, minmay_lair_drake_nest
Spider:1: layout_spider_delve
Orc:1:    layout_caves, serial_shops, nicolae_shop_overgrown_old_shop, shop,
          nicolae_shop_overgrown_old_shop, nicolae_shop_waterfront,
          gammafunk_ghost_stat_death
Orc:2:    pf_orc_diabolical, layout_caves, uniq_maurice, uniq_nessos,
          uniq_azrael, uniq_jorgrun

Skill      XL: |  1  2  3  4  5  6  7  8  9 10 11 12 13 14 15 |
---------------+----------------------------------------------+-----
Stealth        | 2 4 |  4.0
Unarmed Combat | 2 4 5 7 8 9 10 | 10.0
Fighting       | 2 3 4 5 6 7 |  7.4
Dodging        | 3 4 5 6 7 9 10 | 10.0
Shields        | 2 4 7 9 11 12 14 15 | 15.0
Invocations    | 4 6 7 8 |  8.1
Summonings     | 1 4 6 7 |  7.2
Air Magic      | 1 4 6 7 |  7.2
Spellcasting   | 2 4 |  4.4
Poison Magic   | 3 |  3.4
Short Blades   | |  1.0
Evocations     | |  3.2

Action                   |  1- 3 |  4- 6 |  7- 9 | 10-12 | 13-15 || total
-------------------------+-------+-------+-------+-------+-------++-------
Melee: Short sword       |    12 |       |       |       |       ||    12
       Constrict         |    19 |    24 |    41 |    82 |    65 ||   231
       Tentacles         |    14 |    15 |    68 |   126 |   204 ||   427
       Dagger            |    30 |       |       |       |       ||    30
       Unarmed           |    28 |    69 |   182 |   373 |   469 ||  1121
       Kick              |     2 |    30 |   105 |   218 |   310 ||   665
       Punch             |     1 |     1 |     8 |    47 |    73 ||   130
Throw: Dart              |       |     2 |       |    15 |     7 ||    24
 Cast: Summon Lightning  |       |       |       |       |     3 ||     3
       Mephitic Cloud    |       |       |       |       |     1 ||     1
Invok: Slouch            |       |       |       |     9 |    12 ||    21
       Temporal Distorti |       |       |       |     2 |       ||     2
Evoke: Wand              |     9 |     1 |    22 |    20 |    14 ||    66
  Use: Scroll            |     4 |     4 |    12 |    10 |     9 ||    39
       Potion            |     1 |       |       |     7 |    12 ||    20
 Stab: Sleeping          |     6 |    10 |    10 |     9 |     9 ||    44
       Betrayed ally     |       |     1 |     2 |       |       ||     3
       Distracted        |       |       |     1 |       |     1 ||     2
       Paralysed         |       |       |       |    12 |       ||    12
       Confused          |       |       |       |       |     2 ||     2
       Petrified         |       |       |       |       |     2 ||     2
       Fleeing           |       |       |       |       |     1 ||     1
  Eat: Chunk             |       |     1 |     4 |     4 |     7 ||    16
       Ration            |       |       |       |     1 |       ||     1
Armor: Skin              |     9 |     4 |     2 |    16 |    16 ||    47
Dodge: Dodged            |    44 |    43 |    93 |    83 |   171 ||   434
Block: Tower shield      |       |       |    89 |   339 |   437 ||   865

Table legend:
 A = Non-vault XP
 B = Vault XP
 C = Vault XP percentage of total XP
 D = Non-vault monster count
 E = Vault monster count
 F = Vault count percentage of total count
                 A         B        C        D         E       F
            +---------+---------+-------+---------+---------+-------
      Total |   33020 |   44697 |  57.5 |     315 |     162 |  34.0
            +---------+---------+-------+---------+---------+-------
        D:1 |      16 |       0 |   0.0 |      12 |       0 |   0.0
        D:2 |      74 |       0 |   0.0 |      16 |       0 |   0.0
        D:3 |      74 |       0 |   0.0 |      22 |       0 |   0.0
        D:4 |     207 |     149 |  41.9 |      14 |       1 |   6.7
        D:5 |     501 |     223 |  30.8 |      18 |       1 |   5.3
        D:6 |      12 |       0 |   0.0 |       4 |       0 |   0.0
        D:7 |    1038 |       0 |   0.0 |      23 |       0 |   0.0
        D:8 |     143 |    1066 |  88.2 |       6 |       9 |  60.0
        D:9 |     663 |    1227 |  64.9 |      13 |      10 |  43.5
       D:10 |     916 |       0 |   0.0 |      17 |       0 |   0.0
       D:11 |    3184 |    1865 |  36.9 |      33 |       2 |   5.7
       D:12 |    3872 |       0 |   0.0 |      29 |       0 |   0.0
     Lair:1 |    3369 |       0 |   0.0 |      12 |       0 |   0.0
     Lair:2 |    1161 |     937 |  44.7 |       5 |       7 |  58.3
     Lair:3 |     518 |       0 |   0.0 |       2 |       0 |   0.0
     Lair:4 |     921 |     978 |  51.5 |       4 |       3 |  42.9
     Lair:5 |    3004 |    1208 |  28.7 |      12 |       6 |  33.3
     Lair:6 |    8570 |    8027 |  48.4 |      23 |      23 |  50.0
      Orc:1 |    2885 |       0 |   0.0 |      27 |       0 |   0.0
      Orc:2 |    1892 |   24827 |  92.9 |      23 |      76 |  76.8
    Ossuary |       0 |     125 | 100.0 |       0 |      14 | 100.0
    Volcano |       0 |    4065 | 100.0 |       0 |      10 | 100.0
            +---------+---------+-------+---------+---------+-------
